 Dungeon Crawl Stone Soup version 0.30-a0-939-gc8157cb160 (webtiles) character file.

Game seed: 14689842469052169694

16915 cforsyth the Fighter (level 12, -16/70 HPs)
             Began as a Vine Stalker Fighter on Mar 25, 2023.
             Was a Believer of Uskayaw.
             Demolished by Urug
             ... wielding a +0 great mace of protection
              (21 damage)
             ... on level 10 of the Dungeon.
             The game lasted 00:29:01 (10847 turns).

cforsyth the Fighter (Vine Stalker Fighter)        Turns: 10847, Time: 00:29:01

Health: -16/70     AC: 22    Str: 24    XL:     12   Next: 42%
Magic:  0/15       EV:  6    Int: 14    God:    Uskayaw [**....]
Gold:   1890       SH:  6    Dex: 14    Spells: 11/11 levels left

rFire   + . .      SeeInvis .    E - +2 rapier (speed)
rCold   . . .      Faith    .    c - +0 buckler
rNeg    . . .      Spirit   +    z - +0 plate armour
rPois   .          Reflect  .    M - +1 helmet
rElec   .          Rampage  .    u - +0 cloak
rCorr   .                        q - +2 pair of gloves
Will    +++..                    s - +1 pair of boots of Lugonu's Scorn {Will++} Stlth
                                 (no amulet)
HPRegen 1.11/turn                p - ring of protection from fire
MPRegen 0.14/turn                J - +6 ring of intelligence

@: mighty, studying Stealth
A: fangs 3, regeneration 1, magic shield, antimagic bite, no potion heal 2
a: Renounce Religion, Stomp, Line Pass


You were on level 10 of the Dungeon.
You worshipped Uskayaw.
Uskayaw was noncommittal.
You visited 2 branches of the dungeon, and saw 11 of its levels.
You also visited: Bailey.

You collected 1890 gold pieces.

Inventory:

Hand Weapons
 a - a +1 rapier
 E - a +2 rapier of speed (weapon)
 I - the +7 dagger "Ziox" {antimagic, +Blink}
   (You found it on level 5 of the Dungeon)

   +Blink:    It lets you blink.
Missiles
 B - 2 throwing nets (quivered)
Armour
 b - a +0 scale mail
 c - a +0 buckler (worn)
 q - a +2 pair of gloves (worn)
 s - the +1 pair of boots of Lugonu's Scorn (worn) {Will++}
   (You found it on level 3 of the Dungeon)

   Will:      It greatly increases your willpower.
 u - a +0 cloak (worn)
 z - a +0 plate armour (worn)
 M - a +1 helmet (worn)
Jewellery
 p - a ring of protection from fire (left hand)
 G - a ring of positive energy
 J - a +6 ring of intelligence (right hand)
 N - the ring "Tuxkabopu" {Will- rCorr Str+5 SInv}
   (You found it on level 10 of the Dungeon)

   [ring of see invisible]

   Str:       It affects your strength (+5).
   SInv:      It lets you see invisible.
   rCorr:     It protects you from acid and corrosion.
   Will:      It decreases your willpower.
Wands
 r - a wand of polymorph (3)
 L - a wand of roots (2)
Scrolls
 f - 4 scrolls of immolation
 i - a scroll of butterflies
 k - 4 scrolls of teleportation
 l - 4 scrolls of enchant armour
 n - 3 scrolls of fear
 o - a scroll of fog
 v - a scroll of blinking {unknown}
 x - a scroll of identify
 y - a scroll of amnesia
 D - 2 scrolls of vulnerability
Potions
 e - 3 potions of heal wounds
 g - a potion of haste {unknown}
 h - 2 potions of cancellation
 j - 3 potions of magic
 m - a potion of resistance {unknown}
 t - 3 potions of curing
 w - a potion of invisibility {unknown}
 A - 5 potions of mutation
 C - 3 potions of flight
 F - a potion of ambrosia
 H - 4 potions of brilliance
 K - a potion of lignification


   Skills:
 + Level 11.3 Fighting
 + Level 10.0 Short Blades
 + Level 7.6 Armour
 + Level 2.1 Stealth
 + Level 8.3 Shields
 + Level 2.8 Invocations


You had 11 spell levels left.
You didn't know any spells.
Your spell library contained the following spells:

 Spells                   Type           Power      Damage    Failure   Level
 Freeze                   Ice            0%         1d3       99%         1
 Blink                    Tloc           0%         N/A       100%        2
 Cigotuvi's Dreadful Rot  Necr/Pois/Air  0%         N/A       100%        2
 Lesser Beckoning         Tloc           0%         N/A       100%        2
 Poisonous Vapours        Pois/Air       0%         N/A       100%        2
 Frozen Ramparts          Ice            0%         1d1       100%        3
 Gell's Gravitas          Tloc           0%         N/A       100%        3
 Hailstorm                Conj/Ice       0%         3d3       100%        3
 Mephitic Cloud           Conj/Pois/Air  0%         N/A       100%        3
 Teleport Other           Tloc           0%         N/A       100%        3
 Manifold Assault         Tloc           0%         N/A       100%        4
 Conjure Ball Lightning   Conj/Air       0%         3x3d6     100%        6
 Storm Form               Tmut/Air       0%         N/A       100%        7
 Discord                  Hex            0%         N/A       100%        8
 Disjunction              Tloc           0%         N/A       100%        8


Dungeon Overview and Level Annotations

Branches:
Dungeon (10/15)            Temple (1/1) D:7            Lair (0/5) D:9
    Orc (0/2) D:9          Bailey (visited)

Altars:
Ashenzari
Cheibriados
Dithmenos
Elyvilon
Fedhas
Gozag
Hepliaklqana
Okawaru
Qazlal
Ru
Sif Muna
Uskayaw
Vehumet
Xom
Zin
The Shining One

Shops:
D:3 !   D:5 ?

Annotations:
D:5 2 transporters, SpyderV's ghost, novice MiFi
D:10 Urug


Innate Abilities, Weirdness & Mutations

You have razor-sharp teeth.
Your natural rate of healing is unusually fast.
When hurt, damage is shared between your health and your magic reserves.
Your bite disrupts and absorbs the magic of your enemies.
Potions cannot restore your health.


Message History

No target in view!
No target in view!
HP restored.
Found a sling.
Urug the Orcish Ballista comes into view.
She is wielding a +0 great mace of protection and quivering silver javelins.
Urug throws a silver javelin.
The silver javelin pierces through you!
Urug is nearby!
Urug is nearby!
Found a wand of roots (1).
Found an escape hatch in the ceiling.
You closely miss Urug. Your bite misses Urug.
Urug hits you with a +0 great mace of protection.
You barely miss Urug. You bite Urug, but do no damage.
You hit Urug but do no damage.
Urug hits you with a +0 great mace of protection!
You hit Urug but do no damage. You bite Urug, but do no damage.
You puncture Urug! You bite Urug, but do no damage.
Urug is lightly wounded.
Urug hits you with a +0 great mace of protection!
You hit Urug. You bite Urug. You drain her power.
You feel invigorated.
Urug is lightly wounded.
You hit Urug.
Urug is lightly wounded.
Urug hits you with a +0 great mace of protection!
You hit Urug. Your bite misses Urug.
Urug is moderately wounded.
You hit Urug but do no damage. Your bite misses Urug.
Urug is moderately wounded.
Urug hits you with a +0 great mace of protection!!
* * * LOW HITPOINT WARNING * * *
You hit Urug. Your bite misses Urug.
Urug is moderately wounded.
You can now pass through a line of other dancers.
You hit Urug. Your bite misses Urug.
Urug is heavily wounded.
Urug hits you with a +0 great mace of protection!!
* * * LOW HITPOINT WARNING * * *
You feel very mighty all of a sudden.
Urug hits you with a +0 great mace of protection!!
You die...

########## #########*
#........### #........*
#..........# #........*
#........#.###........*
#........#..##.......<*
###†.......##..#./......*
..†.†......###..........*
.##†.......# ###@..)....*
###........# #.o......*
#........# #........*
#........# ####.####*
##.####### *.# #.# *,#
#.# ***,* *#+#******
*,,,* ***,,,,,,,,*
**+*******


You could see Urug.

Vanquished Creatures
  An orc warlord (Bailey)
  Erica (D:9)
  A two-headed ogre (D:9)
  Pikel (D:7)
  An orc knight (Bailey)
  An elephant (D:9)
  Psyche (D:9)
  A hornet (D:9)
  Prince Ribbit (D:8)
  A shadow (D:8)
  6 yaks (D:10)
  A wyvern (D:8)
  2 vampire mosquitoes (D:10)
  Grum (D:8)
  Menkaure (D:5)
  A water moccasin (D:5)
  18 orc warriors
  4 sky beasts
  4 black bears
  2 ogres (D:6)
  2 wolves (D:8)
  3 boggarts (D:9)
  A centaur (D:9)
  2 phantoms
  3 lemures
  2 kobold brigands
  A scorpion (D:5)
  6 bullfrogs
  3 gnoll sergeants
  16 wights
  2 troll zombies (D:9)
  3 howler monkeys
  4 crimson imps (D:8)
  2 jellies
  6 hounds
  5 orc priests
  A gnoll bouda (D:8)
  2 sleepcaps
  10 orc wizards
  4 iguanas
  4 ogre zombies (D:9)
  A human simulacrum (D:9)
  A mummy (D:4)
  25 gnolls
  10 adders
  2 white imps (D:6)
  2 ufetubi
  2 worms
  4 dart slugs
  38 orcs
  10 ball pythons
  12 endoplasms
  7 giant cockroaches
  19 goblins
  10 hobgoblins
  6 jackals
  15 kobolds
  6 quokkas
  10 bats
  4 frilled lizards
  2 hobgoblin skeletons (D:9)
  3 hobgoblin zombies (D:9)
  2 orc skeletons (D:9)
  11 orc zombies (D:9)
  11 rats
345 creatures vanquished.

Vanquished Creatures (others)
  A basilisk (D:9)
  A human simulacrum (D:9)
  An orc (D:9)
  A hobgoblin zombie (D:9)
  9 plants
13 creatures vanquished.

Grand Total: 358 creatures vanquished

Notes
Turn   | Place    | Note
-------+----------+-------------------------------------------
     0 | D:1      | cforsyth the Vine Stalker Fighter began the quest for the
                  | Orb.
     0 | D:1      | Reached XP level 1. HP: 11/11 MP: 2/2
    32 | D:1      | Reached skill level 3 in Fighting
    32 | D:1      | Reached XP level 2. HP: 16/16 MP: 1/3
   145 | D:1      | Reached XP level 3. HP: 15/20 MP: 4/4
   743 | D:2      | Gained mutation: Your natural rate of healing is unusually
                  | fast. [Vine Stalker growth]
   743 | D:2      | Reached XP level 4. HP: 20/25 MP: 5/5
   910 | D:2      | Reached skill level 4 in Fighting
  1370 | D:3      | Found Cirec's Distillery.
  1395 | D:3      | Reached XP level 5. HP: 29/29 MP: 6/6
  1562 | D:3      | Identified the +1 pair of boots of Lugonu's Scorn {Will++}
  1925 | D:4      | Noticed a black bear
  2017 | D:4      | Found a blossoming altar of Fedhas.
  2302 | D:4      | Killed a black bear
  2303 | D:4      | Reached XP level 6. HP: 31/35 MP: 5/7
  2374 | D:4      | Found a snail-covered altar of Cheibriados.
  2490 | D:4      | Reached skill level 5 in Fighting
  2795 | D:4      | Reached XP level 7. HP: 29/39 MP: 5/8
  2976 | D:4      | Reached skill level 5 in Short Blades
  3291 | D:5      | Entered Level 5 of the Dungeon
  3319 | D:5      | Noticed Menkaure
  3341 | D:5      | Killed Menkaure
  3595 | D:5      | Reached skill level 6 in Fighting
  3695 | D:5      | Found a transporter.
  3697 | D:5      | Noticed SpyderV's ghost (novice MiFi)
  3698 | D:5      | Found a transporter.
  3742 | D:5      | Found Tyawin's Magic Scroll Shop.
  3758 | D:5      | Gained mutation: You have razor-sharp teeth. [Vine Stalker
                  | growth]
  3758 | D:5      | Reached XP level 8. HP: 45/45 MP: 9/9
  3909 | D:5      | Identified the +7 dagger "Ziox" {antimagic, +Blink}
  4087 | D:6      | Found a glowing silver altar of Zin.
  4089 | D:6      | Found a glowing golden altar of the Shining One.
  4089 | D:6      | Found a stormy altar of Qazlal.
  4130 | D:6      | Reached skill level 7 in Fighting
  4502 | D:5      | Reached XP level 9. HP: 31/51 MP: 10/10
  4687 | D:6      | Reached skill level 8 in Fighting
  5542 | D:7      | Noticed Pikel
  5797 | D:7      | Found a shimmering blue altar of Sif Muna.
  6420 | D:7      | Found a white marble altar of Elyvilon.
  6534 | D:7      | Reached skill level 9 in Fighting
  6762 | D:7      | Found a staircase to the Ecumenical Temple.
  6887 | Temple   | Entered the Ecumenical Temple
  6899 | Temple   | Became a worshipper of Uskayaw the Reveller
  6915 | D:7      | Reached * piety under Uskayaw
  6929 | D:7      | Reached ** piety under Uskayaw
  6932 | D:7      | Reached *** piety under Uskayaw
  6933 | D:7      | Killed Pikel
  6934 | D:7      | Reached XP level 10. HP: 39/58 MP: 11/11
  6976 | D:7      | Found an iron altar of Okawaru.
  7004 | D:7      | Found an opulent altar of Gozag.
  7824 | D:8      | Reached **** piety under Uskayaw
  7948 | D:8      | Noticed Grum
  7962 | D:8      | Killed Grum
  8390 | D:8      | Reached skill level 10 in Fighting
  8466 | D:8      | Found a shimmering altar of Xom.
  8548 | D:8      | Noticed Prince Ribbit
  8568 | D:8      | Killed Prince Ribbit
  8674 | D:8      | Reached skill level 10 in Short Blades
  8827 | D:9      | Reached XP level 11. HP: 64/64 MP: 4/12
  8968 | D:9      | Noticed a two-headed ogre
  8988 | D:9      | Killed a two-headed ogre
  8999 | D:9      | Reached ***** piety under Uskayaw
  9045 | D:9      | Found a staircase to the Orcish Mines.
  9060 | D:9      | Reached ****** piety under Uskayaw
  9325 | D:9      | Noticed Psyche
  9337 | D:9      | Killed Psyche
  9396 | D:9      | Noticed Erica
  9410 | D:9      | Killed Erica
  9524 | D:9      | Paralysed by a hornet for 1 turns
  9666 | D:9      | Found a staircase to the Lair.
  9763 | D:9      | Reached XP level 12. HP: 67/69 MP: 4/13
 10098 | D:10     | Entered Level 10 of the Dungeon
 10154 | D:10     | Identified 2 scrolls of acquirement
 10171 | D:10     | Found a flagged portal.
 10184 | Bailey   | Entered a bailey
 10252 | Bailey   | Reached skill level 11 in Fighting
 10292 | Bailey   | Reached skill level 1 in Invocations
 10349 | Bailey   | Noticed an orc warlord
 10378 | Bailey   | Killed an orc warlord
 10577 | Bailey   | Acquired a manual of Stealth
 10579 | Bailey   | Acquired a +2 rapier of speed
 10586 | Bailey   | Acquired 1316 gold pieces
 10712 | D:10     | Found a radiant altar of Vehumet.
 10770 | D:10     | Identified the ring "Tuxkabopu" {Will- rCorr Str+5 SInv}
 10790 | D:10     | Reached skill level 1 in Stealth
 10832 | D:10     | Noticed Urug
 10847 | D:10     | Demolished by Urug

Illustrated notes

Levels and vault maps discovered:
D:1:      lemuel_arrival_lava_pool, layout_basic,
          nicolae_concentric_dashed_squares_wild
D:2:      layout_loops_ring, minmay_misc_feat_iff
D:3:      layout_rooms, serial_shops, shop_fountains,
          minmay_randomly_rotated_circles
D:4:      minmay_bubble_buster, layout_basic, mainiacjoe_overflow_boulevard,
          slow_altar_1, hangedman_decor_push
D:5:      layout_rooms, gammafunk_ghost_smash, serial_shops,
          nicolae_diamond_shop, lexackson_kobold_supper, uniq_menkaure
D:6:      layout_cave_pools, gammafunk_temple_overflow_forgotten
D:7:      layout_layer_cave, grunt_temple_overflow_open,
          overflow_temple_1_default, okawaru_gym_becter, temple_pool_b,
          minmay_misc_feat_tiny, uniq_pikel
D:8:      layout_gridville, led_xom_imps, uniq_grum, uniq_prince_ribbit1
D:9:      layout_basic, david_lair_generic, zombieorc1_lemuel,
          chequers_serial_rivers_micro_c, bh_circular_ruins, uniq_erica,
          uniq_psyche
D:10:     layout_roguey, lemuel_doored_altar, enter_bailey_3, uniq_fannar,
          uniq_maggie, uniq_urug
Temple:   hellmonk_temple_of_storms

Skill      XL: |  1  2  3  4  5  6  7  8  9 10 11 12 |
---------------+-------------------------------------+-----
Short Blades   | 2 3 4 5 7 9 10 | 10.0
Fighting       | 3 4 5 6 7 9 10 11 | 11.3
Armour         | 6 7 |  7.6
Shields        | 6 7 8 |  8.3
Invocations    | 2 |  2.8
Stealth        | 2 |  2.1

Action                     |  1- 3 |  4- 6 |  7- 9 | 10-12 || total
---------------------------+-------+-------+-------+-------++-------
  Melee: Rapier            |   114 |   210 |   472 |    50 ||   846
         Bite              |    16 |    54 |   153 |   200 ||   423
         Dagger            |       |       |       |   554 ||   554
 Invoke: Stomp             |       |       |       |     1 ||     1
  Evoke: Wand              |       |       |       |     3 ||     3
    Use: Scroll            |       |       |       |    27 ||    27
         Potion            |       |       |       |     3 ||     3
   Stab: Paralysed         |       |       |     1 |    23 ||    24
 Armour: Scale mail        |    50 |   108 |    23 |       ||   181
         Plate armour      |       |       |   249 |   262 ||   511
  Dodge: Dodged            |    51 |    81 |   128 |   104 ||   364
  Block: Buckler           |    21 |    54 |   104 |    99 ||   278

Table legend: (Time is in decaauts)
 A = Elapsed time spent in this place.
 B = Non-inter-level travel time spent in this place.
 C = Inter-level travel time spent in this place.
 D = Time resting spent in this place.
 E = Time spent auto-exploring this place.
 F = Levels seen in this place.
 G = Mean time per level.
                   A        B        C        D        E       F      G
               +--------+--------+--------+--------+--------+-----+--------+
         Total |  10569 |  10228 |    341 |   2072 |   5421 |  12 |  880.8 |
       Dungeon |  10139 |   9809 |    330 |   2072 |   5283 |  10 | 1013.9 |
        Temple |     23 |     12 |     11 |      0 |      5 |   1 |   23.0 |
        Bailey |    406 |    406 |      0 |      0 |    133 |   1 |  406.0 |
               +--------+--------+--------+--------+--------+-----+--------+

Top non-repeatable levels by time:
     D:7: 1941 daAuts
     D:6: 1429 daAuts
     D:4: 1311 daAuts
     D:5: 1177 daAuts
     D:9: 1114 daAuts
     D:8: 958 daAuts
     D:2: 810 daAuts
     D:3: 625 daAuts
     D:1: 569 daAuts
  Bailey: 406 daAuts
    D:10: 202 daAuts
  Temple: 23 daAuts
